 Dungeon Crawl Stone Soup version 0.25.1-2-g60ff931 (webtiles) character file.

Game seed: 3501349738947757061

569 Askren the Chopper (level 7, -4/60 HPs)
             Began as a Hill Orc Berserker on Sept 11, 2020.
             Was a Believer of Trog.
             Slain by a gnoll
             ... wielding a +0 spear
              (8 damage)
             ... on level 4 of the Dungeon.
             The game lasted 00:14:34 (4198 turns).

Askren the Chopper (Hill Orc Berserker)             Turns: 4198, Time: 00:14:34

Health: -4/60      AC:  9    Str: 22    XL:     7   Next: 33%
Magic:  7/7        EV: 11    Int:  7    God:    Trog [**....]
Gold:   158        SH:  0    Dex: 10    Spells: 6/6 levels left

rFire    . . .     SeeInvis .   a - +1 hand axe
rCold    + . .     Gourm    .   (no shield)
rNeg     . . .     Faith    .   q - +2 ring mail {rC+}
rPois    .         Spirit   .   j - +0 helmet
rElec    .         Reflect  .   (no cloak)
rCorr    +         Harm     .   (no gloves)
MR       .....                  (no boots)
Stlth    +.........             (no amulet)
HPRegen  0.20/turn              m - ring of resist corrosion
MPRegen  0.10/turn              (no ring)

@: no status effects
A: no striking features
a: Berserk, Trog's Hand, Renounce Religion


You were on level 4 of the Dungeon.
You worshipped Trog.
Trog was pleased with you.
You were not hungry.

You visited 1 branch of the dungeon, and saw 4 of its levels.

You collected 158 gold pieces.

Inventory:

Hand Weapons
 a - a +1 hand axe (weapon)
 k - a +1 dagger of distortion
 l - a +1 dagger of venom
Armour
 b - a +0 animal skin
 f - a +0 ring mail
 j - a +0 helmet (worn)
 q - a +2 ring mail of cold resistance (worn)
 u - a +2 plate armour of cold resistance
 v - a +1 chain mail of cold resistance
Jewellery
 m - a ring of resist corrosion (left hand)
Scrolls
 d - 3 scrolls of enchant weapon
 e - 4 scrolls of teleportation {unknown}
 g - a scroll of magic mapping {unknown}
 h - 4 scrolls of remove curse
 i - a scroll of identify
 n - 2 scrolls of fear {unknown}
 p - a scroll of amnesia {unknown}
 w - 2 scrolls of fog {unknown}
Potions
 o - 2 potions of stabbing
 r - a potion of flight {unknown}
 s - a potion of might {unknown}
 t - a potion of mutation {unknown}
Comestibles
 c - 8 rations
 x - 2 chunks of flesh


   Skills:
 + Level 4.9 Fighting
 + Level 7.7 Axes
 + Level 4.6 Armour
 + Level 2.7 Dodging
 + Level 1.1 Stealth


You had 6 spell levels left.
You didn't know any spells.
Your spell library was empty.

Dungeon Overview and Level Annotations

Branches:
Dungeon (4/15)
 Temple: D:4-7

Altars:
Ashenzari
Hepliaklqana
Makhleb

Annotations:
D:3 2 transporters


Message History

The gnoll hits you but does no damage. The gnoll barely misses you.
You hit the gnoll.
The gnoll is moderately wounded.
The gnoll barely misses you.
You hit the gnoll.
The gnoll is heavily wounded.
The gnoll hits you but does no damage.
You closely miss the gnoll.
The gnoll is heavily wounded.
The gnoll hits you with a +0 spear.
* * * LOW HITPOINT WARNING * * *
You hit the gnoll but do no damage.
The gnoll is heavily wounded.
You recover from your berserk rage.
The gnoll barely misses you.
You barely miss the gnoll.
The gnoll is heavily wounded.
The gnoll hits you with a +0 spear!
You die...

#.....#....#
#.........
#.....'....#
#.........
#.....#....#
#.........
##### #....#
#.........
#.###'##
#...).....
#...(..#
###'#.....
#....†.#
#...#.....
#####g##
#..)'.....
#...)@##
#...#.....
#......#
#...######
#......#
#....#
########
#....#
#....#
#....#
##...#
##...####
#....#..##


You could see a gnoll.

Vanquished Creatures
  Duvessa (D:4)
  2 ogres (D:4)
  Dowan (D:4)
  2 orc priests (D:3)
  2 worker ants (D:4)
  2 gnolls (D:4)
  4 adders
  An ooze (D:3)
  2 dart slugs
  A leopard gecko (D:3)
  14 orcs
  6 goblins
  7 hobgoblins
  4 jackals (D:4)
  A quokka (D:3)
  7 bats
  2 frilled lizards
  4 kobolds
  5 rats
68 creatures vanquished.

Notes
Turn   | Place    | Note
-------+----------+-------------------------------------------
     0 | D:1      | Askren the Hill Orc Berserker began the quest for the Orb.
     0 | D:1      | Reached XP level 1. HP: 19/19 MP: 1/1
   631 | D:1      | Reached XP level 2. HP: 27/27 MP: 2/2
  1587 | D:2      | Reached XP level 3. HP: 32/33 MP: 3/3
  2208 | D:3      | Found a transporter.
  2209 | D:3      | Noticed an ice beast
  2223 | D:3      | Found a transporter.
  2237 | D:3      | Found a burning altar of Makhleb.
  2254 | D:3      | Reached skill level 5 in Axes
  2259 | D:3      | Reached XP level 4. HP: 32/40 MP: 4/4
  2281 | D:3      | HP: 1/40 [orc priest/+0 hand axe (3)]
  2287 | D:3      | HP: 1/40 [orc priest/+0 hand axe (4)]
  2485 | D:3      | Reached XP level 5. HP: 16/46 MP: 5/5
  2707 | D:3      | Found a hazy altar of Hepliaklqana.
  3405 | D:3      | Reached skill level 6 in Axes
  3643 | D:4      | Noticed an ogre
  3653 | D:4      | Killed an ogre
  3653 | D:4      | Reached XP level 6. HP: 53/53 MP: 6/6
  3690 | D:4      | Found a shattered altar of Ashenzari.
  3725 | D:4      | Reached ** piety under Trog
  3795 | D:4      | Reached skill level 1 in Stealth
  3910 | D:4      | Noticed Duvessa
  3910 | D:4      | Noticed Dowan
  3927 | D:4      | Killed Duvessa
  3927 | D:4      | Reached skill level 7 in Axes
  3931 | D:4      | Killed Dowan
  3931 | D:4      | Reached XP level 7. HP: 60/60 MP: 7/7
  4198 | D:4      | Slain by a gnoll

Illustrated notes

Levels and vault maps discovered:
D:1:      noname_arrival_rooms_in_the_neighbourhood, layout_basic
D:2:      layout_loops_cross, first_ration, chequers_serial_rivers_large_a
D:3:      layout_loops_ring, gammafunk_temple_overflow_arena,
          lemuel_coloured_pillars_altar, serial_co_window_serial,
          co_window_corner_a, co_window_paths_a, co_window_of_opportunity_a,
          co_window_corner_a, co_window_corner_a, co_window_paths_b,
          co_window_paths_b, co_window_of_opportunity_c, co_window_2corner,
          co_window_of_opportunity_c, co_window_corner_ca, co_window_corner_ca,
          co_window_cross_4, co_window_broadway_b, co_window_paths_d,
          glass_columns_b
D:4:      layout_gridville, evilmike_ruin_ashenzari, uniq_duvessa

Skill      XL: |  1  2  3  4  5  6 |
---------------+-------------------+-----
Axes           | 5 6 7 |  7.7
Fighting       | 4 |  4.9
Dodging        | 2 |  2.7
Armour         | 3 4 |  4.6
Stealth        | 1 |  1.1

Action                   |  1- 3 |  4- 6 |  7- 9 || total
-------------------------+-------+-------+-------++-------
Melee: Hand axe          |    78 |   157 |    31 ||   266
Invok: Berserk           |     1 |     2 |     1 ||     4
       Trog's Hand       |       |       |     1 ||     1
  Use: Scroll            |     3 |     3 |       ||     6
       Potion            |       |     2 |       ||     2
  Eat: Chunk             |     4 |     7 |       ||    11
       Ration            |       |       |     1 ||     1
Armor: Ring mail         |    44 |    44 |    22 ||   110
Dodge: Dodged            |    65 |    94 |    37 ||   196
